Cogmind - Beta 13 @@@ ROGUE MODE // 2024.04.17 @ 15:11:00 Player: Kate+Gabe4evr Result: Destroyed by L-31 Rogue with Katana Performance ------------- Evolutions (2) 1000 Regions Visited (5) 1000 Robots Destroyed (79) 395 Value Destroyed (2716) 2716 Prototype IDs (7) 140 Alien Tech Used (0) 0 Bonus (766) 766 TOTAL SCORE: 6017 Bonus ------- High Alert Combat Kills 66 Entered Garrisons 200 Used RIF Installer 500 Cogmind --------- Core Integrity 0/550 Matter 233/300 Energy 140/140 System Corruption 2% Temperature Cool (0) Movement Treading (162) Location -8/Materials Parts ------- > --- POWER (1) -------- Light Deuterium Engine > --- PROPULSION (4) --- Light Treads Light Treads Light Treads Armored Treads > --- UTILITY (4) ------ Improved Heat Sink Large Storage Unit Improved Sensor Array Hacking Suite > --- WEAPON (2) ------- Minigun Gauss Rifle > --- INVENTORY (15) --- Improved Heat Sink Improved Heat Sink Improved Signal Interpreter Hardened Medium Armor Plating Hardened Medium Armor Plating Hacking Suite System Shield Authchip [R/Combat] Heavy EM Shotgun Heavy EM Shotgun Improved Medium Laser Advanced Beam Cannon Subdweller Shrapnel Launcher Welding Torch Plasma Cutter Peak State ------------ > --- POWER ------------ Light Deuterium Engine > --- PROPULSION ------- Light Treads Improved Treads Armored Treads Advanced Treads > --- UTILITY ---------- Improved Heat Sink Large Storage Unit Hardened Medium Armor Plating Hacking Suite > --- WEAPON ----------- Gatling Laser Gauss Rifle > --- INVENTORY -------- Light Treads Light Treads Light Treads Improved Heat Sink Structural Scanner Improved Sensor Array System Shield Heavy EM Shotgun Heavy EM Shotgun Improved Medium Laser Advanced Beam Cannon Subdweller Shrapnel Launcher Welding Torch [Rating: 33] Favorites ----------- Power Subdweller Power Source Engine Subdweller Power Source Power Core Light Nuclear Core Propulsion Light Treads Treads Light Treads Leg Aluminum Leg Flight Unit Cesium-ion Thruster Utility Improved Heat Sink Device Improved Heat Sink Storage Small Storage Unit Hackware Hacking Suite Protection Light Armor Plating Weapon Gauss Rifle Energy Gun Beamcaster Energy Cannon Advanced Beam Cannon Ballistic Gun Gauss Rifle Ballistic Cannon Battle Cannon Launcher Subdweller Shrapnel Launcher Special Weapon Mining Laser Build | -11 -10 -10 -8 -8 -8 ------- Run | Yrd Mat Sub Mat Gar Mat Slots Evolved 4 | . . . 4 . . Power . | . . . . . . Propulsion 2 | . . . 2 . . Utility 2 | . . . 2 . . Weapon . | . . . . . . Parts Attached 86 | 6 3 15 42 6 14 Power 14 | 1 . 4 5 1 3 Engine 11 | 1 . 4 3 1 2 Core 3 | . . . 2 . 1 Reactor . | . . . . . . Propulsion 31 | 2 . 3 17 2 7 Treads 19 | . . . 10 2 7 Leg 9 | 2 . 3 4 . . Wheel . | . . . . . . Hover . | . . . . . . Flight 3 | . . . 3 . . Utility 17 | 1 1 3 9 1 2 Device 6 | . . . 3 1 2 Storage 4 | 1 . 1 2 . . Processor . | . . . . . . Hackware 1 | . . . 1 . . Protection 6 | . 1 2 3 . . Artifact . | . . . . . . Weapon 24 | 2 2 5 11 2 2 Energy Gun 11 | 1 . 2 7 1 . Energy Cannon 2 | . . . 2 . . Ballistic Gun 6 | 1 . 1 1 1 2 Ballistic Cannon 2 | . . 2 . . . Launcher 1 | . . . 1 . . Special Weapon 2 | . 2 . . . . Impact Weapon . | . . . . . . Slashing Weapon . | . . . . . . Piercing Weapon . | . . . . . . Special Melee Weapon . | . . . . . . Unidentified Prototypes 3 | . . . 3 . . Parts Lost 18 | . . 2 6 6 4 Power 2 | . . . 1 1 . Propulsion 9 | . . 1 2 2 4 Utility 3 | . . 1 1 1 . Weapon 4 | . . . 2 2 . Highest Loss Streak 3 | . . 1 2 3 2 To Critical Strikes 1 | . . . . . 1 Average Slot Usage (%) 92 | . 99 97 82 91 98 Engine 8 | . 14 12 4 7 7 Core 1 | . . . 2 . 1 Treads 17 | . . . 20 29 34 Leg 13 | . 28 27 9 . . Device 7 | . . . 5 16 18 Storage 10 | . 14 13 9 9 9 Hackware 4 | . . . 4 9 9 Protection 7 | . 13 13 7 . . Energy Gun 8 | . 9 13 7 9 2 Ballistic Gun 9 | . 14 4 8 9 15 Ballistic Cannon 2 | . . 9 . . . Naked Turns . | . . . . . . Heaviest Build 42 | 10 13 25 42 42 36 Greatest Support 85 | 20 20 25 85 85 83 Greatest Overweight (x) 3 | 3 . 1 3 . . Average Overweight (x) . | . . . . . . Largest Inventory Capacity 15 | 8 8 8 15 15 15 Average Capacity 10 | 7 8 7 9 15 15 Most Carried 15 | 2 8 8 14 15 15 Average Carried 10 | . 6 7 8 14 14 Final Capacity 15 | 8 8 8 15 15 15 Final Carried 15 | 2 8 8 14 12 15 Class Distribution -------------------- 73% | Scavenger-Mutant 26% | Mutant Dominant Class ---------------- Mutant | -10/Materials Scavenger-Mutant | -10/Subcaves Scavenger-Mutant | -8/Materials Scavenger-Mutant | -8/Garrison Scavenger-Mutant | -8/Materials Resources | -11 -10 -10 -8 -8 -8 ----------- Run | Yrd Mat Sub Mat Gar Mat Matter Collected 2305 | 112 136 335 906 244 572 Remotely . | . . . . . . Salvage Created 2975 | . 136 117 1368 505 849 Parts 164 | . 10 4 65 26 59 Haulers Intercepted 3 | . . . 3 . . Recyclers Shooed 1 | . . . 1 . . Parts Field Recycled . | . . . . . . Retrieved Matter . | . . . . . . Parts Self-Destructed 6 | . . 6 . . . Prevented . | . . . . . . Kills | -11 -10 -10 -8 -8 -8 ------- Run | Yrd Mat Sub Mat Gar Mat Combat Hostiles Destroyed 66 | . 3 3 24 16 20 Guns 57 | . 3 1 17 16 20 Cannons 4 | . . 2 2 . . AOE 5 | . . . 5 . . Classes Destroyed 14 | . 2 1 8 2 1 Worker 2 | . . . 1 . 1 Builder 4 | . 1 . 2 . 1 Tunneler 1 | . . . 1 . . Hauler 3 | . . . 3 . . Operator 1 | . . . 1 . . Watcher 2 | . . . 2 . . Swarmer 14 | . . . . 8 6 Grunt 25 | . 3 . 13 5 4 Brawler 1 | . . . . 1 . Duelist 2 | . . . 2 . . Sentry 13 | . . . 7 . 6 Specialist 4 | . . . . . 4 Hunter 4 | . . . 2 2 . Subdweller 3 | . . 3 . . . Best Kill Streak 9 | . 1 2 6 9 6 Combat Bots Only 9 | . 1 2 5 9 5 Max Kills in Single Turn 2 | . 1 1 2 2 2 Gunslinging 1 | . . . . 1 . Exploded 2 | . . . 2 . . Melee . | . . . . . . Uniques/NPCs Destroyed . | . . . . . . Combat | -11 -10 -10 -8 -8 -8 -------- Run | Yrd Mat Sub Mat Gar Mat Hostile Shots Fired 425 | . 16 60 131 84 134 Missed 121 | . 1 27 44 21 28 Damage Taken 4409 | . 202 450 1581 887 1289 Core 644 | . 12 62 239 110 221 Absorbed by Shields . | . . . . . . Regen/Repaired (Parts) 70 | . . . 70 . . Core Remaining (%) 85 | 100 . 70 . . . Volleys Fired 296 | . 57 30 112 31 66 Largest 2 | . 2 2 2 2 2 Hottest 131 | . 100 114 131 108 78 Shots Fired 490 | . 74 56 166 63 131 Gun 402 | . 34 31 143 63 131 Cannon 40 | . . 25 15 . . Launcher 8 | . . . 8 . . Special 40 | . 40 . . . . Kinetic 291 | . 17 30 95 31 118 Thermal 179 | . 57 26 71 25 . Explosive . | . . . . . . Electromagnetic 20 | . . . . 7 13 Robot Hit Streak 15 | . 8 9 12 9 15 Robot Miss Streak 8 | . 3 1 8 7 4 Penetration Max 1 | . . . 1 1 1 Secondary Targets 5 | . . . . 4 1 Max Gunslinging Chain 1 | . . . . 1 1 Shots Hit Robots 280 | . 21 18 113 44 84 Core Hits 148 | . 10 5 63 33 37 Critical Kills . | . . . . . . Critical Parts Destroyed 1 | . . . 1 . . Critical Strikes 5 | . . . 4 1 . Burn 3 | . . . 3 . . Destroy 2 | . . . 1 1 . Melee Attacks . | . . . . . . Impact . | . . . . . . Slashing . | . . . . . . Piercing . | . . . . . . Sneak Attacks . | . . . . . . Combat Hostiles . | . . . . . . Follow-up Attacks . | . . . . . . Damage Inflicted 5939 | . 193 400 2732 1021 1593 Guns 5005 | . 191 196 2009 1021 1588 Cannons 368 | . . 204 164 . . Explosions 542 | . . . 542 . . Melee . | . . . . . . Ramming 24 | . 2 . 17 . 5 Kinetic 3811 | . 106 252 1654 419 1380 Thermal 1789 | . 85 148 1061 495 . Explosive . | . . . . . . Electromagnetic 315 | . . . . 107 208 Impact . | . . . . . . Slashing . | . . . . . . Piercing . | . . . . . . Highest Corruption 2 | . . . 2 2 2 Average Corruption 2 | . . . 2 2 2 Corruption Purged . | . . . . . . Corruption Blocked . | . . . . . . Effects 64 | . . . 29 7 28 Message Errors 14 | . . . 5 3 6 Matter Fused 18 | . . . 11 . 7 Heat Flow Errors 10 | . . . 4 3 3 Energy Discharges 6 | . . . 3 . 3 Parts Rejected 2 | . . . 2 . . Data Loss (minor) 8 | . . . 3 . 5 Data Loss (major) 1 | . . . . . 1 Misfires 2 | . . . . 1 1 Alerts 1 | . . . . . 1 Weapon Failures 2 | . . . 1 . 1 Overload Shots . | . . . . . . Overflow Damage . | . . . . . . Projectiles . | . . . . . . Explosions . | . . . . . . Melee . | . . . . . . Knockbacks 2 | . . 2 . . . Impact . | . . . . . . Kinetic 2 | . . 2 . . . Secondary . | . . . . . . Self-Inflicted Damage 150 | . . . 150 . . Shots 4 | . . . 4 . . Rammed 5 | . . . 3 . 2 Targets Rammed 8 | . 1 . 5 . 2 Kicked 2 | . 1 . 1 . . Crushed 1 | . . . 1 . . Highest Temperature 288 | . 288 18 281 161 222 Average Temperature 71 | . 102 4 70 53 91 Received Heat Transfer 1374 | . 126 96 513 378 261 Effects 1 | . . . 1 . . Interference 1 | . . . 1 . . Siege Activations . | . . . . . . Robots Corrupted . | . . . . . . Combat Hostiles . | . . . . . . Parts Fried 1 | . . . . . 1 Impact Corruptions . | . . . . . . Robots Melted . | . . . . . . Combat Hostiles . | . . . . . . Parts Melted 7 | . . . 5 2 . Heat Transferred 3815 | . 200 211 2411 993 . Parts Sabotaged . | . . . . . . Parts Stolen . | . . . . . . Parts Stripped . | . . . . . . Power Chain Reactions 1 | . . . . . 1 Alert | -11 -10 -10 -8 -8 -8 ------- Run | Yrd Mat Sub Mat Gar Mat Peak Influence 462 | . 134 . 462 448 422 Initial 218 | . . . 153 138 218 Average 238 | . 68 . 284 349 194 Maximum Alert Level 2 | . . . 2 2 2 Low Security (%) 36 | 100 100 . 26 6 41 Level 1 54 | . . . 65 65 54 Level 2 8 | . . . 8 28 3 Level 3 . | . . . . . . Level 4 . | . . . . . . Level 5 . | . . . . . . High Security . | . . . . . . Max Security . | . . . . . . Squads Dispatched 6 | . 1 . 1 . 4 Investigation 1 | . . . . . 1 Extermination . | . . . . . . Reinforcement 5 | . 1 . 1 . 3 Assault . | . . . . . . Garrison . | . . . . . . Intercept . | . . . . . . Searches Triggered . | . . . . . . Construction Impeded . | . . . . . . Haulers Reinforced . | . . . . . . Active Scanning Responses . | . . . . . . Cargo Convoy Interrupts . | . . . . . . Stealth | -11 -10 -10 -8 -8 -8 --------- Run | Yrd Mat Sub Mat Gar Mat Distress Signals 2 | . . . 2 . . Communications Jammed . | . . . . . . Distress Signals . | . . . . . . Times Spotted 126 | . 6 24 44 16 36 Peak Tracking Total 5 | . 2 5 5 5 5 Tactical Retreats 8 | . 1 3 3 . 1 Traps | -11 -10 -10 -8 -8 -8 ------- Run | Yrd Mat Sub Mat Gar Mat Traps Triggered 3 | . . 2 . . 1 Indirectly . | . . . . . . Trap Hack Attempts . | . . . . . . Triggered . | . . . . . . Disarmed . | . . . . . . Reprogrammed . | . . . . . . Reused . | . . . . . . Traps Extracted . | . . . . . . Installed . | . . . . . . Triggered . | . . . . . . Machines | -11 -10 -10 -8 -8 -8 ---------- Run | Yrd Mat Sub Mat Gar Mat Machines Disabled 4 | . . . 3 . 1 Max in Single Turn 2 | . . . 2 . 1 Garrison Relay 1 | . . . . 1 . Machines Repaired . | . . . . . . Machines Dismantled . | . . . . . . Machines Sabotaged . | . . . . . . Overloaded Fab Kills . | . . . . . . Hacking | -11 -10 -10 -8 -8 -8 --------- Run | Yrd Mat Sub Mat Gar Mat Machines Accessed 18 | . 1 1 9 1 6 Terminals 14 | . 1 . 6 1 6 Fabricators . | . . . . . . Repair Stations 2 | . . . 2 . . Recycling Units . | . . . . . . Scanalyzers . | . . . . . . Garrison Access 1 | . . . 1 . . Total Hacks 36 | . 2 3 19 1 11 Successful 26 | . 2 3 12 1 8 Failed 10 | . . . 7 . 3 Catastrophic 1 | . . . . . 1 Database Lockouts . | . . . . . . Manual 12 | . 1 . 5 . 6 Terminals 28 | . 2 . 14 1 11 Fabricators . | . . . . . . Repair Stations 3 | . . . 3 . . Recycling Units . | . . . . . . Scanalyzers . | . . . . . . Garrison Access 2 | . . . 2 . . Terminal Hacks 23 | . 2 3 9 1 8 Record 6 | . 2 3 1 . . Prototype ID Bank 2 | . . . 2 . . Unreport Threat 5 | . . . 2 . 3 Dispatch Records 1 | . . . 1 . . Maintenance Status 1 | . . . 1 . . Patrol Status 1 | . . . . . 1 Reinforcement Status 1 | . . . 1 . . Zone Layout 5 | . . . 1 . 4 Garrison Registry 1 | . . . . 1 . Fabricator Hacks . | . . . . . . Repair Station Hacks 2 | . . . 2 . . Scan Component 1 | . . . 1 . . Repair 1 | . . . 1 . . Recycling Unit Hacks . | . . . . . . Scanalyzer . | . . . . . . Garrison Access Hacks 1 | . . . 1 . . Unlock Access 1 | . . . 1 . . Unauthorized Hacks . | . . . . . . Terminals . | . . . . . . Fabricators . | . . . . . . Repair Stations . | . . . . . . Recycling Units . | . . . . . . Scanalyzers . | . . . . . . Garrison Access . | . . . . . . Data Cores Recovered . | . . . . . . Used . | . . . . . . Hacking Detections 11 | . . . 6 1 4 Full Trace Events . | . . . . . . Feedback Events . | . . . . . . Feedback Blocked . | . . . . . . Robot Schematics Acquired . | . . . . . . Robots Built . | . . . . . . Authchips . | . . . . . . Time . | . . . . . . Total Robot Build Rating . | . . . . . . Part Schematics Acquired . | . . . . . . Parts Built . | . . . . . . Authchips . | . . . . . . Time . | . . . . . . Total Part Build Rating . | . . . . . . Parts Repaired 1 | . . . 1 . . Time 44 | . . . 44 . . Parts Recycled . | . . . . . . Recycled Matter . | . . . . . . Retrieved Matter . | . . . . . . Retrieved Components . | . . . . . . Parts Scanalyzed . | . . . . . . Part Schematics Acquired . | . . . . . . Parts Damaged . | . . . . . . Bothacking | -11 -10 -10 -8 -8 -8 ------------ Run | Yrd Mat Sub Mat Gar Mat Used RIF Installer 1 | . . . . 1 . Robots Hacked . | . . . . . . Non-combat . | . . . . . . Combat . | . . . . . . Robot Hacks Applied . | . . . . . . Relay Couplers Released 4 | . . . . 4 . Machine Destruction 4 | . . . . 4 . Fabnet Peak Effective % . | . . . . . . Robots Rewired . | . . . . . . Allies Hacked . | . . . . . . Hacks Repelled . | . . . . . . Allies | -11 -10 -10 -8 -8 -8 -------- Run | Yrd Mat Sub Mat Gar Mat Total Allies . | . . . . . . Largest Group . | . . . . . . Highest-Rated Group . | . . . . . . Highest-Rated Ally . | . . . . . . Total Orders . | . . . . . . Ally Attacks . | . . . . . . Total Damage . | . . . . . . Kills . | . . . . . . Allies Corrupted . | . . . . . . Allies Melted . | . . . . . . Intel | -11 -10 -10 -8 -8 -8 ------- Run | Yrd Mat Sub Mat Gar Mat Robot Analysis Total . | . . . . . . Derelict Logs Recovered 2 | . . 2 . . . Drone Launches . | . . . . . . Drone Recoveries . | . . . . . . Exploration | -11 -10 -10 -8 -8 -8 ------------- Run | Yrd Mat Sub Mat Gar Mat Turns Passed 7730 | 73 506 2274 2395 673 1809 Spaces Moved 4360 | 50 256 1625 1339 331 759 Core 21 | 21 . . . . . Treads 1919 | . . . 829 331 759 Legs 2385 | 29 256 1625 475 . . Wheels . | . . . . . . Hover . | . . . . . . Flight 35 | . . . 35 . . Fastest Speed 50 | 50 120 120 109 158 160 Average Speed 138 | 124 120 120 146 162 161 Slowest Speed 295 | 200 120 190 295 165 163 Overloaded Moves . | . . . . . . Propulsion Burnouts . | . . . . . . Robots Hopped . | . . . . . . Cave-ins Triggered . | . . . . . . Exploration Rate (%) 45 | 4 27 69 76 39 55 Regions Visited 5 Branch Regions 1 Pre-discovered Areas 2 | . . 2 . . . Known Exits Taken 1 | . . . 1 . . Unknown Exits Taken 3 | 1 1 1 . . . Scrap Searched 10 | . . 10 . . . Spaces Dug 9 | . 9 . . . . Terrain Destroyed 112 | . 9 2 89 . 12 Melee . | . . . . . . Projectile 14 | . 9 2 1 . 2 AOE 98 | . . . 88 . 10 Terrain Rammed . | . . . . . . Walls Destroyed . | . . . . . . Machines Disabled . | . . . . . . Actions | -11 -10 -10 -8 -8 -8 --------- Run | Yrd Mat Sub Mat Gar Mat Total 5513 | 57 355 1888 1596 400 1217 Wait 685 | . 29 199 63 31 363 Move 4354 | 49 255 1624 1338 329 759 Hop . | . . . . . . Pick Up 30 | 2 8 3 11 2 4 Fast Attach 45 | 6 1 9 23 3 3 Attach 7 | . . . 2 3 2 Detach 3 | . . . 2 . 1 Swap 34 | . 2 6 17 . 9 Drop 49 | . 2 15 23 1 8 Fire 296 | . 57 30 112 31 66 Melee . | . . . . . . Ram . | . . . . . . Kick 2 | . 1 . 1 . . Crush 6 | . . . 4 . 2 Escape Stasis . | . . . . . . Rewire 2 | . . 2 . . . Trap . | . . . . . . Miscellaneous . | . . . . . . Route ------- -11/Scrapyard -10/Materials (discovered 2 exits: [*Mat] / *Sub) -10/Subcaves (discovered 3 exits: *Mat x2 / Rec) -8/Materials (discovered 2 exits: [*Fac] / Gar) -8/Garrison (discovered 3 exits: *Mat x3) -8/Materials (discovered 1 exit: [*Fac]) History --------- Turn | Location | Event 31 | -11/Scrapyard | Discovered new exit (range 16) 74 | -11/Scrapyard | Entered Materials 269 | -10/Materials | Discovered new exit (range 12) 318 | -10/Materials | Build established: Mutant 538 | -10/Materials | Discovered new exit (range 4) 580 | -10/Materials | Entered Subcaves 581 | -10/Subcaves | Shifting Twisted Machinery released Battle Cannon 630 | -10/Subcaves | Shifting Twisted Machinery released Shrapnel Trap 646 | -10/Subcaves | Learned location of Storage (-9) 649 | -10/Subcaves | Identified exit to Recycling 724 | -10/Subcaves | Ambushed by swarm of Subdwellers 1013 | -10/Subcaves | Visited Clippyterm 1017 | -10/Subcaves | Learned location of Extension (-4) 1125 | -10/Subcaves | Build established: Scavenger-Mutant 2506 | -10/Subcaves | A swath of the cavern ceiling suddenly collapsed 2828 | -10/Subcaves | Discovered new exit (range 16) 2841 | -10/Subcaves | Discovered new exit (range 10) 2854 | -10/Subcaves | Entered Materials 2854 | -8/Materials | Evolved 4 slots: Propulsion x2, Utility x2 3181 | -8/Materials | Build established: Mutant 4040 | -8/Materials | Build established: Scavenger-Mutant 4094 | -8/Materials | Repaired Broken Sub. Shrapnel Launcher? 4625 | -8/Materials | Discovered new exit (range 16) 5172 | -8/Materials | Identified exit to Garrison 5249 | -8/Materials | Entered Garrison 5307 | -8/Garrison | Triggered checkpoint 5309 | -8/Garrison | Garrison Relay disabled 5315 | -8/Garrison | Core integrity fell below 50% 5355 | -8/Garrison | Lost 3 parts (1p1n1u) 5357 | -8/Garrison | Destroyed 9 combat bots 5513 | -8/Garrison | Discovered new exit (range 31) 5513 | -8/Garrison | Discovered new exit (range 70) 5513 | -8/Garrison | Discovered new exit (range 60) 5631 | -8/Garrison | Triggered checkpoint 5759 | -8/Garrison | Lost 3 parts (1n2w) 5798 | -8/Garrison | Installed Relay Interface Framework 5922 | -8/Garrison | Entered Materials 6864 | -8/Materials | Core integrity fell below 20% 7327 | -8/Materials | Discovered new exit (range 11) 7731 | -8/Materials | Destroyed by L-31 Rogue with Katana Last Messages --------------- 07537_ S-10 Pest destroyed. 07537_ Slug penetrates Wall. 07540_ Slug penetrates S-10 Pest. 07540_ S-10 Pest destroyed. 07541_ System corrupted: Substantial component data lost. 07548_ Slug penetrates G-47 Trooper. 07551_ G-47 Trooper destroyed. 07555_ Acquired 15 matter. 07557_ Acquired 71 matter. 07586_ Dropped Lgt. Deuterium Engine. 07604_ Connecting with Terminal... >>Alert(Purge) Purged threat record, alert level lowered. 07606_ U-05 Engineer builds a Door. 07623_ Slug penetrates Y-45 Defender. 07623_ Y-45 Defender destroyed. 07631_ Acquired Lgt. Treads. 07634_ Acquired 54 matter. 07639_ Dropped Lgt. Treads. 07644_ W=:CG5CD A SL53NCEP2&R,BEX2EC Map ----- +----------------------------------------------------+ | ?????????????????????????? | | ?????????????????????????? | | ??????????????????????????????####### | | ?????????????????????????????????? | | ??????????????????????????????????""" | | ??????????????????????????????????""" | | ??????????????????????????????????""" | | ?????????????????????????????????? | | ??????????????????????????????????""" | | ??????????????????????????????????""" | | ??????????????????????????????????""" | | ?????????????????????????????????? | | ??????????????????????????????????### | | ???????##???????????????????????????? | | ???????# ????? #???????????????????? | | ???????# ??? #???????????????????? | | ???????# ! """ #???????????????????? | | ???????# """ #???????????????????? | | ???????# #???????????????????? | | ???????# """ #####???????????????? | | ???????# """ # ???????????????? | | ???????? """ # ????????????????? | | ?????????? ?? #????????????????? | | ?????????###/##?? #????????????##### | | ?????????# l ### #????????????# | | ?????????# @ #????????????# | | ?????????# T *== #????????????# | | ###??????# ##+#######????????# | | #=######### ##= [ #????????# | | #[! [ # ## [ #????????# | | # ]]! + ## ?* #????????##### | | # ]! # ## ?########## | | # ]! # ## + | | # ##### [ ########## | | # | [#???# #?????#####+## | | #= #???# #?????# | | # ! #???# #?????# """ | | ###########???##########?????#""""" | | ?????????????????????????????#""""" | | ?????????????????????????????#"""" | | ?????????????????????????????# """ | | ?????????????????????????????# | | ?????????????????????????????# | | ?????????????????????????????####### | | ???????????????????????????????????## | | ????????????????????????????????????? | | | | | | | | | +----------------------------------------------------+ Best States ------------- Heat Dissipation 59 Energy Generation 15 Energy Capacity 265 Matter Stores 300 Matter Capacity 300 Sight Range 16 Robot Scan Range 15 Terrain Scan Density 10 Armor Coverage 800 Evasion (%) 55 Recoil Reduction 4 Offensive Hacking 10 Authchip Count 1 Item Schematics ----------------- None Robot Schematics ------------------ None Fabricated ------------ Nothing Alien Tech Used ----------------- None Achievements -------------- Part-time Mechanic Please Form A Line Challenges ------------ None Game ------ Seed FireChipWell Manual? 0 Play Time 00:57:03 Cumulative 3.6 hours Start 2024.04.17 @ 13:41:44 End 2024.04.17 @ 15:11:00 Sessions 1 Manual Loads 0 Difficulty Rogue Special Mode None Game No. 5 Rogue 5 Adventurer 0 Explorer 0 Win Type - Total 0 Types 0/0/0/0/0/0/0/0/0 Lore% 7 Gallery% 11 Achievement% 15 Wizard Run 0 Options --------- Layout 0 ASCII 0 Keyboard 1 Movement Numpad Keybinds 0 Fullscreen 1 Font 24/X11 Map View 76x50 Zoom Use 0% Tactical HUD 1 Map Filters NONE Filters NONE Steam 1 RUN: cfd35763-37f5-40c5-8bdd-27f3645d202a